 Dungeon Sprint DCSS version 0.29-a0-320-g9f8742066b (webtiles) character file.

Game seed: 4528746381970080673

11169 mhtbhm the Severer (level 11, -5/186 HPs)
             Began as a Minotaur Berserker on Apr 2, 2022.
             Was the Champion of Trog.
             Succumbed to poison (dark miasma)
             ... in the Dungeon (Sprint II: "The Violet Keep of Menkaure").
             The game lasted 00:05:11 (2487 turns).

mhtbhm the Severer (Minotaur Berserker)             Turns: 2487, Time: 00:05:11

Health: -5/186     AC: 13    Str: 24    XL:     11   Next: 45%
Magic:  10/10      EV: 12    Int:  4    God:    Trog [******]
Gold:   474        SH:  5    Dex: 10    Spells: 10/10 levels left

rFire   . . .      SeeInvis .   a - +3 broad axe (vorpal)
rCold   + . .      Faith    .   (no shield)
rNeg    . . .      Spirit   .   b - +3 chain mail {Will+}
rPois   .          Reflect  +   (helmet restricted)
rElec   .          Harm     .   z - +0 cloak
rCorr   .          Rampage  .   (no gloves)
Will    +....      Rage     1%  (no boots)
Stlth   .......... NoTele   +   i - amulet of reflection
HPRegen 0.41/turn               w - ring of protection from cold
MPRegen 0.12/turn               (no ring)

@: berserking, lethally poisoned (-5 -> -112), slowed
A: horns 2, retaliatory headbutt, berserk 1, deformed body, weak 1
a: Renounce Religion, Berserk, Trog's Hand, Brothers in Arms


You were in the Dungeon.
You worshipped Trog.
Trog was exalted by your worship.
You visited 1 branch You collected 1660 gold pieces.
You spent 1186 gold pieces at shops.

Inventory:

Hand Weapons
 a - a +3 vorpal broad axe (weapon)
Missiles
 v - 3 javelins (quivered)
 y - 2 poisoned darts
Armour
 b - a +3 chain mail of willpower (worn)
 x - a +0 chain mail
 z - a +0 cloak (worn)
Jewellery
 i - an amulet of reflection (around neck)
 w - a ring of protection from cold (left hand)
Scrolls
 h - 2 scrolls of blinking
 l - a scroll of holy word
 m - a scroll of enchant weapon
 p - 3 scrolls of enchant armour
 q - a scroll of fog
 t - a scroll of fear {unknown}
 u - a scroll of magic mapping {unknown}
Potions
 c - 5 potions of curing
 d - 4 potions of heal wounds
 e - a potion of haste
 f - 5 potions of magic
 g - a potion of berserk rage
 j - 2 potions of ambrosia
 k - a potion of might {unknown}
 n - a potion of brilliance
 o - 4 potions of flight
 r - 3 potions of resistance {unknown}
 s - a potion of attraction {unknown}


   Skills:
 + Level 19.8 Fighting
 + Level 20.7 Axes
 + Level 13.4 Armour
 + Level 11.0 Dodging
 + Level 3.1 Stealth
 + Level 5.0 Shields


You had 10 spell levels left.
You didn't know any spells.
Your spell library was empty.

Dungeon Overview and Level Annotations

Branches:
Dungeon (1/1)

Altars:
Cheibriados
Dithmenos
Elyvilon
Fedhas
Gozag
Hepliaklqana
Kikubaaqudgha
Makhleb
Nemelex Xobeh
Okawaru
Qazlal
Ru
Sif Muna
Trog
Uskayaw
Vehumet
Wu Jian
Xom
Yredelemnul
Zin
The Shining One
Beogh
Jiyva
Lugonu

Shops:
D :[[:==(![![*=?(

Annotations:
D exclusion: oklob plant


Innate Abilities, Weirdness & Mutations

You have a pair of horns on your head.
You reflexively headbutt those who attack you in melee.
You tend to lose your temper in combat.
Armour fits poorly on your strangely shaped body.
You are weak. (Str -2)


Message History

You slash the death drake!
You are engulfed in dark miasma.
You are lethally poisoned!
* * * LOW HITPOINT WARNING * * *
You feel extremely sick.
The death drake bites you but does no damage.
The death drake closely misses you.
Unknown command.
You slice the death drake!!
The death drake is heavily wounded.
You barely miss the death drake.
You are engulfed in dark miasma.
You are more poisoned.
* * * LOW HITPOINT WARNING * * *
You feel extremely sick. The death drake barely misses you.
You furiously retaliate!
You headbutt the death drake!!
The swamp drake fails to trigger a net trap.
Unknown command.
Press: ? - help, v - describe, . - travel
Here: a death drake (grey smoke, severely wounded)
The floor, spattered with blood.
Unknown command.
You barely miss the death drake.
The death drake is severely wounded.
You slash the death drake!
You kill the death drake!
Trog accepts your kill.
You slash the swamp drake!
You are engulfed in dark miasma.
You are more poisoned.
You feel as though you will be slow longer.
* * * LOW HITPOINT WARNING * * *
You feel extremely sick. The death drake bites you.
* * * LOW HITPOINT WARNING * * *
Your Shields skill increases to level 5!
You barely miss the death drake.
The death drake is severely wounded.
You slash the swamp drake!
You are engulfed in dark miasma.
You are more poisoned.
* * * LOW HITPOINT WARNING * * *
You die...

#...▓▓▓▓▓▓▓▓▓▓ ...
#...▓≈≈≈≈≈≈≈≈▓▓ ++ ...
##..▓▓▓▓▓▓▓▓▓▓▓ . .. ..
.#..▓........▓▓ ##+##.. #^
.#..▓........▓▓ #...##.####
+^##.#.:▓...[...[▓▓ ..#..# ...#
#...####▓........▓▓ #.#.####..##
#kk##.#▓....[...▓▓ ##'###.##..#
+§@#..#▓)...)...▓▓ ##.##...#..#
#§§#..#▓()..(.).▓▓
'.<.')#.'..####§§##§#▓.)...([[▓▓
##.##...#....###§§§##▓▓▓▓▓▓▓'▓▓▓▓
##'###.##§.....§§§§§≈≈≈≈≈§§≈...≈≈
#.#.####≈≈.....§#+########§###.≈≈
..#..#≈≈≈≈≈≈§§.§#.._._._.#§≈≈##≈≈
#.#.##§≈≈≈≈≈§≈.≈#._._._..#≈§≈§###
##'##≈≈≈§≈§§§≈≈≈#_._._._.#≈≈≈§§##


You could see a death drake and a swamp drake.

Vanquished Creatures
  A kraken (D)
  2 sphinxes (D)
  A crystal guardian (D)
  2 boulder beetles (D)
  A death drake (D)
  2 deep trolls (D)
  A merfolk siren (D)
  A yaktaur (D)
  3 polar bears (D)
  A hornet (D)
  12 flying skulls (D)
  4 neqoxecs (D)
  4 water moccasins (D)
  A swamp drake (D)
  4 necrophages (D)
  A hell rat (D)
  3 tentacles (D)
44 creatures vanquished.

Vanquished Creatures (others)
  Menkaure (D)
  A water moccasin (D)
  4 tentacles (D)
6 creatures vanquished.

Grand Total: 50 creatures vanquished

Notes
Turn   | Place    | Note
-------+----------+-------------------------------------------
     0 | D        | mhtbhm the Minotaur Berserker began the quest for the Orb.
     0 | D        | Reached XP level 1. HP: 19/19 MP: 0/0
     1 | D        | Noticed a necrophage
     1 | D        | Noticed a necrophage
     1 | D        | Noticed a necrophage
     1 | D        | Noticed a necrophage
     4 | D        | Killed a necrophage
     5 | D        | Reached skill level 6 in Axes
     5 | D        | Reached XP level 2. HP: 31/31 MP: 1/1
     5 | D        | Reached XP level 3. HP: 38/38 MP: 2/2
     6 | D        | Killed a necrophage
     7 | D        | Reached skill level 8 in Axes
     7 | D        | Reached XP level 4. HP: 48/48 MP: 3/3
    12 | D        | Killed a necrophage
    12 | D        | Reached ** piety under Trog
    13 | D        | Reached skill level 9 in Axes
    13 | D        | Reached XP level 5. HP: 57/57 MP: 4/4
    14 | D        | Reached skill level 10 in Axes
    14 | D        | Reached skill level 5 in Armour
    48 | D        | Killed Menkaure
    79 | D        | Noticed a merfolk siren
    89 | D        | Killed a merfolk siren
    90 | D        | Reached skill level 12 in Axes
    90 | D        | Reached skill level 5 in Dodging
    90 | D        | Reached XP level 6. HP: 64/70 MP: 5/5
    90 | D        | Reached XP level 7. HP: 68/75 MP: 6/6
   214 | D        | Noticed a neqoxec
   214 | D        | Noticed a neqoxec
   214 | D        | Noticed a neqoxec
   214 | D        | Noticed a neqoxec
   219 | D        | Gained mutation: You are weak. (Str -2) [a neqoxec]
   220 | D        | Killed a neqoxec
   220 | D        | Reached *** piety under Trog
   221 | D        | Reached skill level 13 in Axes
   221 | D        | Gained mutation: Armour fits poorly on your strangely
                  | shaped body. [a neqoxec]
   221 | D        | Gained mutation: You tend to lose your temper in combat. [a
                  | neqoxec]
   224 | D        | Killed a neqoxec
   226 | D        | Killed a neqoxec
   229 | D        | Killed a neqoxec
   230 | D        | Reached skill level 14 in Axes
   230 | D        | Reached XP level 8. HP: 86/86 MP: 7/7
   298 | D        | Noticed a boulder beetle
   298 | D        | Noticed a boulder beetle
   354 | D        | Killed a boulder beetle
   354 | D        | Reached **** piety under Trog
   355 | D        | Reached skill level 15 in Axes
   603 | D        | Killed a boulder beetle
   604 | D        | Reached skill level 15 in Fighting
   604 | D        | Reached skill level 16 in Axes
   604 | D        | Reached XP level 9. HP: 97/97 MP: 8/8
   636 | D        | Noticed an ice statue
   639 | D        | Found Jacos's Antique Weapon Shop.
   642 | D        | Found Weluifi's Assorted Antiques.
   642 | D        | Found Lauq Fou's Magic Scroll Boutique.
   642 | D        | Found Waqeul's Antique Armour Shop.
   644 | D        | Found Diad's Armour Shop.
   644 | D        | Found Xoyt's Distillery.
   645 | D        | Found Selumy's Jewellery Boutique.
   645 | D        | Found Nixonis's Jewellery Shop.
   660 | D        | Found Jauchaceta's Antique Armour Shop.
   660 | D        | Found Ylootilol's Armour Boutique.
   661 | D        | Found Zocadi's Distillery.
   661 | D        | Found Bufec's Book Boutique.
   662 | D        | Found Niream's Jewellery Shop.
   662 | D        | Found Meroczuu's Weapon Boutique.
   664 | D        | Noticed a polar bear
   664 | D        | Noticed a polar bear
   665 | D        | Noticed an oklob plant
   665 | D        | Noticed a cane toad
   665 | D        | Noticed a cane toad
   666 | D        | Found Amuceux's Book Shoppe.
   687 | D        | Noticed a death yak
   690 | D        | Bought an encrusted cloak for 190 gold pieces
   690 | D        | Identified the -6 cloak of Exclusion {rCorr Str+4} (You
                  | bought it in a shop in the Dungeon)
   709 | D        | Bought an amulet of reflection for 390 gold pieces
   743 | D        | Bought a +2 hand axe of electrocution for 273 gold pieces
   772 | D        | Found a hazy altar of Hepliaklqana.
   772 | D        | Found a snail-covered altar of Cheibriados.
   773 | D        | Found a stormy altar of Qazlal.
   773 | D        | Found a viscous altar of Jiyva.
   773 | D        | Found a shadowy altar of Dithmenos.
   774 | D        | Found a sacrificial altar of Ru.
   774 | D        | Found an ancient bone altar of Kikubaaqudgha.
   774 | D        | Found a white marble altar of Elyvilon.
   775 | D        | Found an ornate altar of the Wu Jian Council.
   775 | D        | Found a shimmering blue altar of Sif Muna.
   775 | D        | Found a corrupted altar of Lugonu.
   776 | D        | Found a shimmering altar of Xom.
   776 | D        | Found a bloodstained altar of Trog.
   776 | D        | Found a burning altar of Makhleb.
   777 | D        | Found a glowing golden altar of the Shining One.
   777 | D        | Found a basalt altar of Yredelemnul.
   777 | D        | Found a hide-covered altar of Uskayaw.
   778 | D        | Found a glowing silver altar of Zin.
   779 | D        | Noticed a yaktaur
   779 | D        | Noticed a polar bear
   779 | D        | Noticed a polar bear
   784 | D        | Killed a polar bear
   784 | D        | Reached ***** piety under Trog
   785 | D        | Reached skill level 17 in Axes
   785 | D        | Noticed a polar bear
   789 | D        | Killed a polar bear
   790 | D        | Killed a polar bear
   793 | D        | Paralysed by a hornet for 1 turns
   796 | D        | Killed a yaktaur
   797 | D        | Reached skill level 18 in Axes
  1111 | D        | Found a radiant altar of Vehumet.
  1118 | D        | Noticed a kraken
  1281 | D        | Killed a kraken
  1282 | D        | Reached skill level 19 in Axes
  1282 | D        | Reached skill level 1 in Stealth
  1282 | D        | Reached XP level 10. HP: 68/111 MP: 9/9
  1501 | D        | Found a sparkling altar of Nemelex Xobeh.
  1501 | D        | Found a blossoming altar of Fedhas.
  1502 | D        | Found an iron altar of Okawaru.
  1502 | D        | Found an opulent altar of Gozag.
  1523 | D        | Reached skill level 1 in Shields
  1659 | D        | Noticed a deep troll
  1659 | D        | Noticed a deep troll
  1668 | D        | Killed a deep troll
  1668 | D        | Received a gift from Trog
  1670 | D        | Killed a deep troll
  1671 | D        | Reached skill level 10 in Armour
  1899 | D        | Noticed a sphinx
  1899 | D        | Noticed a sphinx
  1903 | D        | Killed a sphinx
  1904 | D        | Reached skill level 20 in Axes
  1904 | D        | Reached skill level 10 in Dodging
  1908 | D        | Killed a sphinx
  1909 | D        | Reached XP level 11. HP: 121/121 MP: 10/10
  2031 | D        | Noticed a sixfirhy
  2034 | D        | Reached ****** piety under Trog
  2041 | D        | Received a gift from Trog
  2383 | D        | Bought a potion of heal wounds for 65 gold pieces
  2390 | D        | Bought a runed chain mail for 150 gold pieces
  2410 | D        | Bought a lumpy cyan potion for 14 gold pieces
  2412 | D        | Bought a scroll of enchant armour for 82 gold pieces
  2412 | D        | Bought a scroll of fog for 22 gold pieces
  2472 | D        | Noticed a death drake
  2472 | D        | Noticed a crystal guardian
  2472 | D        | Noticed a death drake
  2483 | D        | Killed a crystal guardian
  2483 | D        | Received a gift from Trog
  2486 | D        | Killed a death drake
  2487 | D        | Reached skill level 5 in Shields
  2487 | D        | Succumbed to poison (dark miasma)

Illustrated notes

Levels and vault maps discovered:
D:        the_violet_keep_of_menkaure [sprint2_stairs_cluster_1,
          sprint2_shoproom, sprint2_temple, sprint2_basic_supplies,
          sprint2_obstacle_2, sprint2_obstacle_1, sprint2_obstacle_3,
          sprint2_obstacle_5, sprint2_obstacle_7, sprint2_timed_cluster_1,
          sprint2_smallroom_cluster_1, sprint2_smallroom_final_cluster_1,
          sprint2_transparent_cluster_1, sprint2_second_timed_cluster_1,
          sprint2_sniper_area_1, sprint2_heavy_combat_area_1,
          sprint2_mutation_trap_area_1, sprint2_forest_area_1,
          sprint2_light_combat_area_1, sprint2_behind_water_1,
          sprint2_near_end_vault_1]

Skill      XL: |  1  2  3  4  5  6  7  8  9 10 11 |
---------------+----------------------------------+-----
Fighting       | 6 8 9 11 13 15 17 18 19 | 19.8
Axes           | 6 8 9 12 14 16 19 20 | 20.7
Armour         | 3 4 6 8 9 11 13 | 13.4
Dodging        | 3 4 5 6 7 9 10 11 | 11.0
Stealth        | 1 2 3 |  3.1
Shields        | 3 5 |  5.0

Action                   |  1- 3 |  4- 6 |  7- 9 | 10-12 || total
-------------------------+-------+-------+-------+-------++-------
Melee: Hand axe          |     4 |    14 |    74 |    31 ||   123
       Headbutt          |     2 |     1 |    16 |    14 ||    33
       Punch             |       |       |     2 |     1 ||     3
       Broad axe         |       |       |       |    68 ||    68
Invok: Berserk           |     1 |     1 |     5 |     3 ||    10
  Use: Scroll            |       |       |       |     7 ||     7
Armor: Animal skin       |       |     2 |       |       ||     2
       Chain mail        |       |       |     2 |    15 ||    17
Dodge: Dodged            |     1 |     2 |    26 |    46 ||    75
Block: Other             |       |       |     2 |    14 ||    16

Table legend: (Time is in decaauts)
 A = Elapsed time spent in this place.
 B = Non-inter-level travel time spent in this place.
 C = Inter-level travel time spent in this place.
 D = Time resting spent in this place.
 E = Time spent auto-exploring this place.
 F = Levels seen in this place.
 G = Mean time per level.
                   A        B        C        D        E       F      G
               +--------+--------+--------+--------+--------+-----+--------+
         Total |   2557 |   2557 |      0 |   1785 |      0 |   1 | 2557.0 |
       Dungeon |   2557 |   2557 |      0 |   1785 |      0 |   1 | 2557.0 |
               +--------+--------+--------+--------+--------+-----+--------+

Top non-repeatable levels by time:
       D: 2557 daAuts
